 Dungeon Crawl Stone Soup version 0.21-a0-164-g4aaa757 (webtiles) character file.

23 Helio the Sneak (level 2, 0/13 HPs)
             Began as a Spriggan Enchanter on Aug 6, 2017.
             Slain by an ooze (3 damage)
             ... on level 1 of the Dungeon.
             The game lasted 00:05:28 (2087 turns).

Helio the Sneak (Spriggan Enchanter)                Turns: 2087, Time: 00:05:29

Health: 0/13       AC:  2    Str:  4    XL:     2   Next: 72%
Magic:  1/7        EV: 20    Int: 16    God:
Gold:   50         SH:  0    Dex: 16    Spells: 5/8 levels left

rFire    . . .     SeeInvis +   h - -1 dagger (curse)
rCold    . . .     Gourm    .   (shield restricted)
rNeg     . . .     Faith    .   b - +0 robe
rPois    .         Spirit   .   (helmet restricted)
rElec    .         Reflect  .   (no cloak)
rCorr    .         Harm     .   (gloves unavailable)
MR       .....                  (boots unavailable)
Stlth    +++.......             (no amulet)
HPRegen  0.04/turn              e - +2 ring of evasion
MPRegen  0.10/turn              (no ring)

@: very quick
A: unfitting armour, see invisible, herbivore 3, speed 3, slow metabolism 2
a: no special abilities


You were on level 1 of the Dungeon.
You were not hungry.

You visited 1 branch of the dungeon, and saw 2 of its levels.

You collected 50 gold pieces.

Inventory:

Hand Weapons
 a - a +1 dagger
 h - a cursed -1 dagger (weapon)
Armour
 b - a +0 robe (worn)
Jewellery
 e - a +2 ring of evasion (left hand)
Books
 c - a book of Maledictions

   Spells                             Type                      Level
   a - Corona                         Hexes                        1
   b - Ensorcelled Hibernation        Hexes/Ice                    2
   c - Confuse                        Hexes                        3
   d - Tukima's Dance                 Hexes                        3
   e - Dazzling Spray                 Conjuration/Hexes            3
Comestibles
 d - a bread ration
 f - 5 fruits


   Skills:
 - Level 1.1 Short Blades
 - Level 3.0 Dodging
 - Level 4.4 Stealth
 + Level 3.6 Spellcasting
 + Level 4.2 Hexes


You had 5 spell levels left.
You knew the following spells:

 Your Spells              Type           Power        Failure   Level  Hunger
a - Ensorcelled Hibernat  Hex/Ice        #.....       11%         2    ##.....
b - Corona                Hex            ###....      3%          1    None


Dungeon Overview and Level Annotations

Branches:
Dungeon (2/15)

Altars:


Innate Abilities, Weirdness & Mutations

You are very small and have problems with some larger weapons.
You are too small for most types of armour.
You have supernaturally acute eyesight. (SInv)
You are a herbivore.
You cover ground extremely quickly.
You need consume almost no food.


Message History

Aim: a jackal (chance to defeat MR: 58%)
The jackal resists with significant effort.
The jackal completely misses you.
Casting: Ensorcelled Hibernation
Confirm with . or Enter, or press ? or * to list all spells.
Aiming: Ensorcelled Hibernation
Press: ? - help, Shift-Dir - straight line, f/p - jackal
Aim: a jackal (chance to defeat MR: 58%)
The jackal resists with significant effort.
The jackal closely misses you.
An ooze comes into view.
Casting: Ensorcelled Hibernation
Confirm with . or Enter, or press ? or * to list all spells.
You don't have enough magic to cast that spell.
Unknown command.
Okay, then.
You hit the ooze.
The ooze is lightly wounded.
The jackal closely misses you. The ooze hits you.
You die...

#.######h#...##..# #.#####.#
#.##.........##..# #......)#
###.##.........+.).############
....##.........###.......#
######.†.......# #######.#
######......[..# #.#
...............# #.#
.#####.........#########.#
.#...#.........J@h....>..#
.#.#.#.###################
.#.#.#.# .#.#.#.# .....#.#
##.###.# ######### .......#
#....)..# ##.####### #.##..###
#.##....# #.#...#


You could see an ooze and a jackal.

Vanquished Creatures
  A leopard gecko (D:1)
  3 hobgoblins (D:1)
  5 jackals
  2 kobolds (D:1)
  2 bats (D:1)
  A frilled lizard (D:1)
  A goblin (D:2)
  7 rats (D:1)
22 creatures vanquished.

Notes
Turn   | Place    | Note
-------+----------+-------------------------------------------
     0 | D:1      | Helio the Spriggan Enchanter began the quest for the Orb.
     0 | D:1      | Reached XP level 1. HP: 9/9 MP: 5/5
   632 | D:2      | Reached XP level 2. HP: 13/13 MP: 7/7
   822 | D:1      | Learned a level 2 spell: Ensorcelled Hibernation
  2087 | D:1      | Slain by an ooze

Vault maps used:
D:1:      elethiomel_arrival_quiet

Skill      XL: |  1  2 |
---------------+-------+-----
Spellcasting   | 3 |  3.6
Hexes          | 4 |  4.2
Short Blades   | |  1.1
Dodging        | |  3.0
Stealth        | |  4.4

Action                   || total
-------------------------++-------
Melee: Dagger            ||    96
 Cast: Corona            ||     5
       Ensorcelled Hiber ||    15
  Use: Potion            ||     2
       Scroll            ||     4
 Stab: Sleeping          ||    13
Armor: Robe              ||    17
Dodge: Dodged            ||    98
